 Dungeon Crawl Stone Soup version 0.24.0-37-gcf1ca852f1 (webtiles) character file.

Game seed: 6876248267197889911, levelgen mode: deterministic

650 sankara the Cleaver (level 7, -5/57 HPs)
             Began as a Hill Orc Fighter on Dec 5, 2019.
             Was a Follower of Qazlal.
             Slain by a shadow (9 damage)
             ... created by the darkness of Dithmenos
             ... on level 5 of the Dungeon.
             The game lasted 00:13:02 (3468 turns).

sankara the Cleaver (Hill Orc Fighter)              Turns: 3468, Time: 00:13:02

Health: -5/57      AC: 10    Str: 21    XL:     7   Next: 53%
Magic:  7/7        EV: 10    Int:  8    God:    Qazlal [*.....]
Gold:   289        SH: 12    Dex: 15    Spells: 6/6 levels left

rFire    . . .     SeeInvis .   a - +0 war axe
rCold    . . .     Gourm    .   c - +0 shield
rNeg     . . .     Faith    .   g - +0 chain mail
rPois    .         Spirit   .   p - +0 helmet
rElec    .         Reflect  .   (no cloak)
rCorr    .         Harm     .   (no gloves)
MR       .....                  (no boots)
Stlth    ..........             o - amulet of regeneration
HPRegen  0.59/turn              (no ring)
MPRegen  0.10/turn              (no ring)

@: agile
A: no striking features
a: Renounce Religion


You were on level 5 of the Dungeon.
You worshipped Qazlal.
Qazlal was aware of your devotion.
You were hungry.

You visited 1 branch of the dungeon, and saw 5 of its levels.

You collected 289 gold pieces.

Inventory:

Hand Weapons
 a - a +0 war axe (weapon)
 b - a cursed -2 hand axe
Missiles
 e - 146 stones (quivered)
 j - 18 poisoned darts
 l - 6 javelins
 m - 19 sling bullets
 s - 9 boomerangs
Armour
 c - a +0 shield (worn)
 g - a +0 chain mail (worn)
 p - a +0 helmet (worn)
Jewellery
 o - an amulet of regeneration (around neck)
 r - an uncursed ring of stealth
Wands
 n - a wand of disintegration (13)
 t - a wand of random effects (19)
Scrolls
 h - 3 scrolls of identify {unknown}
 i - 3 scrolls of remove curse {unknown}
 w - a scroll of amnesia {unknown}
Potions
 d - 3 potions of might
 q - a potion of berserk rage {unknown}
 u - a potion of degeneration {unknown}
 v - 2 potions of brilliance {unknown}
 x - a potion of curing {unknown}
Comestibles
 f - 10 rations


   Skills:
 - Level 3.6 Fighting
 * Level 8.9 Axes
 - Level 3.2 Armour
 + Level 6.0 Shields


You had 6 spell levels left.
You didn't know any spells.
Your spell library was empty.

Dungeon Overview and Level Annotations

Branches:
Dungeon (5/15)
 Temple: D:4-7

Altars:
Dithmenos
Elyvilon
Nemelex Xobeh
Qazlal
Vehumet


Message History

You block the shadow's attack.
Unknown command.
You completely miss the shadow.
The shadow is almost destroyed.
You hit the shadow.
The shadow slips into darkness.
The shadow flickers and vanishes!
Deactivating autopickup; reactivate with Ctrl-A.
You block the shadow's attack.
It was a potion of agility.
You feel agile all of a sudden.
The shadow strikes at you from the darkness!
* * * LOW HITPOINT WARNING * * *
Reactivating autopickup.
The phantom hits you but does no damage.
You block the shadow's attack.
You barely miss the shadow.
The shadow is almost destroyed.
You closely miss the phantom. You closely miss the shadow. The shadow hits you!
You die...

.........5.....#.. #.............
....##........##.###........ ....
.<###.........##..#.......# .....
S.#.#............[).[.....#......
.WWWW..........รท$.#.(............
.##.#W..........[[##.....#.......
....#.........##..#..##.####.....
##.###.........#..#..##.#.....^..
.............)W@W..###........#.
.......:......##W............#...
......###.....#..............#...
$..... ##....#..................
####. #....#..###.............
........# #.......#..... .....
#.......#.....
..........#....##....
....#....##.[..


You could see a phantom and 2 shadows.

Vanquished Creatures
  A centaur (D:5)
  A scorpion (D:4)
  A hound (D:5)
  3 orc wizards
  An orc priest (D:4)
  Jessica (D:2)
  4 worker ants
  4 gnolls
  8 adders
  A shadow imp (D:5)
  5 worms
  A dart slug (D:4)
  A leopard gecko (D:2)
  22 orcs
  6 bats
  4 giant cockroaches
  9 goblins
  7 hobgoblins
  11 jackals
  3 quokkas
  2 ball pythons
  3 frilled lizards
  7 kobolds
  4 rats
110 creatures vanquished.

Vanquished Creatures (others)
  An orc (D:4)
1 creature vanquished.

Grand Total: 111 creatures vanquished

Notes
Turn   | Place    | Note
-------+----------+-------------------------------------------
     0 | D:1      | sankara the Hill Orc Fighter began the quest for the Orb.
     0 | D:1      | Reached XP level 1. HP: 19/19 MP: 1/1
    54 | D:1      | Reached skill level 3 in Axes
   172 | D:1      | Reached XP level 2. HP: 25/26 MP: 2/2
   536 | D:2      | Reached skill level 4 in Axes
   543 | D:1      | Reached XP level 3. HP: 23/31 MP: 3/3
   885 | D:2      | Reached XP level 4. HP: 30/39 MP: 4/4
   901 | D:2      | Noticed Jessica
   912 | D:2      | Reached skill level 5 in Axes
  1235 | D:2      | Killed Jessica
  1235 | D:2      | Reached XP level 5. HP: 31/45 MP: 5/5
  1498 | D:3      | Reached skill level 6 in Axes
  1525 | D:3      | Found a faded altar of an unknown god.
  1534 | D:3      | Became a worshipper of Dithmenos the Shadowed
  1534 | D:3      | Reached * piety under Dithmenos
  1552 | D:3      | Found a stormy altar of Qazlal.
  1560 | D:3      | Fell from the grace of Dithmenos
  1560 | D:3      | Became a worshipper of Qazlal Stormbringer
  2314 | D:4      | Reached XP level 6. HP: 43/51 MP: 6/6
  2323 | D:4      | Reached skill level 5 in Shields
  2422 | D:4      | Reached skill level 7 in Axes
  2499 | D:4      | Reached * piety under Qazlal
  2647 | D:4      | Found a sparkling altar of Nemelex Xobeh.
  2647 | D:4      | Found a white marble altar of Elyvilon.
  2648 | D:4      | Found a radiant altar of Vehumet.
  3139 | D:5      | Entered Level 5 of the Dungeon
  3144 | D:5      | Noticed a black bear
  3181 | D:5      | Reached skill level 8 in Axes
  3181 | D:5      | Reached XP level 7. HP: 45/57 MP: 7/7
  3238 | D:5      | Noticed a shadow
  3238 | D:5      | Noticed a shadow
  3238 | D:5      | Noticed a shadow
  3238 | D:5      | Noticed a shadow
  3468 | D:5      | Slain by a shadow

Levels and vault maps discovered:
D:1:      dpeg_arrival_lava_temple_mockup, layout_basic
D:2:      layout_loops_ring, grunt_decor_cap, hangedman_glass_teeth,
          minmay_pentomino_w4, uniq_jessica
D:3:      layout_rooms, grunt_qazlal_clouds, first_ration,
          chequers_ecumenical_altar_simple
D:4:      layout_basic, chequers_temple_overflow_statue_of_worship,
          lemuel_flame_loot_1
D:5:      layout_cave_pools

Skill      XL: |  1  2  3  4  5  6  7 |
---------------+----------------------+-----
Axes           | 3 4 5 6 8 |  8.9
Shields        | 4 5 6 |  6.0
Fighting       | |  3.6
Armour         | |  3.2

Action                   |  1- 3 |  4- 6 |  7- 9 || total
-------------------------+-------+-------+-------++-------
Melee: War axe           |    97 |   202 |    48 ||   347
  Use: Potion            |       |     1 |     1 ||     2
  Eat: Chunk             |       |     8 |       ||     8
Armor: Scale mail        |    49 |    50 |       ||    99
       Chain mail        |       |    53 |    25 ||    78
Dodge: Dodged            |    35 |    55 |     5 ||    95
Block: Shield            |    52 |   113 |    41 ||   206
